Map: Frost LE

Players

Performance

  • Race: Terran Terran
  • League: Master

Miszu - Winner!

  • Race: Zerg Zerg
  • League: Master

VOD

Have the link to the VOD?

Description

Time

  • Played on: June 27, 2016, 6:46 p.m.
  • Length: 18:06
Show
View Real Time Build Order
Export as new Build Order

Performance Terran 

Build Orders: Reaper Expand, Bio Tank 

Get SALT Encoding   

  12  0:01  SCV  
  13  0:13  SCV  
  14  0:19  Supply Depot  
  14  0:25  SCV  
  15  0:41  SCV  
  16  0:43  Barracks  
  16  0:48  Refinery  
  16  0:53  SCV  
  17  1:05  SCV  
  18  1:17  SCV  
  19  1:31  Orbital Command  
  19  1:32  Reaper  
  20  1:44  Command Center  
  20  1:55  Supply Depot  
  20  1:58  SCV  
  21  2:04  Barracks Reactor  
  21  2:10  SCV  
  22  2:22  SCV  
  23  2:25  Factory  
  24  2:37  SCV  
  24  2:49  Refinery, SCV  
  25  2:55  Marine x2  
  25  2:57  Orbital Command  
  27  2:59  Bunker  
  27  3:02  SCV  
  28  3:12  Starport  
  28  3:13  Marine x2  
  28  3:19  Factory Tech Lab  
  29  3:21  SCV  
  29  3:23  SCV  
  29  3:27  Supply Depot  
  31  3:31  Marine x2  
  33  3:38  SCV x2  
  35  3:42  Widow Mine  
  37  3:49  Medivac  
  37  3:50  SCV x2  
  37  3:52  Marine x2  
  43  4:02  Supply Depot, SCV  
  44  4:26  SCV x2  
  44  4:27  Supply Depot  
  44  4:28  Factory Tech Lab  
  46  4:34  Command Center  
  46  4:35  Engineering Bay  
  46  4:36  Engineering Bay  
  46  4:37  Marine  
  46  4:38  Starport Reactor, Stimpack, SCV  
  48  4:42  SCV  
  48  4:43  Barracks  
  49  4:47  Supply Depot  
  49  4:50  SCV  
  50  4:56  Marine  
  50  4:58  Siege Tank  
  54  5:00  Barracks, SCV  
  54  5:02  SCV  
  56  5:11  Supply Depot  
  56  5:13  SCV  
  56  5:14  Marine, Refinery  
  56  5:26  SCV x2  
  56  5:31  Marine  
  56  5:34  Siege Tank  
  60  5:38  SCV  
  60  5:39  Marine x2  
  67  5:44  Terran Infantry Weapons Level 1, Terran Infantry Armor Level 1  
  67  5:49  Barracks, SCV  
  64  5:50  SCV  
  64  5:52  Starport Reactor, Barracks  
  63  6:01  Marine x3  
  63  6:02  SCV x2  
  68  6:04  Orbital Command  
  68  6:13  Refinery  
  68  6:14  Supply Depot, SCV  
  68  6:17  Supply Depot  
  69  6:19  Marine  
  69  6:22  SCV  
  71  6:26  SCV  
  71  6:29  Marine x2  
  71  6:30  Siege Tank  
  77  6:33  Bunker  
  77  6:34  SCV x2  
  77  6:38  SCV  
  80  6:40  Combat Shields  
  80  6:43  Barracks Tech Lab x2  
  80  6:46  SCV, Armory  
  81  6:47  Barracks  
  81  6:49  SCV  
  81  6:50  SCV  
  81  6:57  Marine x4  
  81  6:58  SCV  
  81  7:01  Marauder, SCV  
  89  7:02  Concussive Shells  
  89  7:04  Marauder x2  
  89  7:05  Siege Tank  
  96  7:09  Medivac  
  96  7:12  SCV x2  
  96  7:13  SCV  
  96  7:14  Supply Depot  
  96  7:15  Marine x2  
  103  7:27  Medivac  
  100  7:32  Marauder x2  
  104  7:38  Marauder  
  104  7:39  Marine x2, Barracks Tech Lab, Medivac  
  104  7:40  Marine x2  
  104  7:42  Supply Depot, SCV x3  
  115  7:45  Refinery  
  115  7:47  Refinery  
  115  7:48  Supply Depot x2  
  115  7:51  Supply Depot  
  115  7:53  Marauder  
  115  7:54  SCV  
  120  7:58  Marauder  
  120  7:59  Siege Tank  
  120  8:03  Marauder  
  120  8:04  Marine x2, Marauder  
  129  8:09  Marine x2  
  131  8:14  Marauder  
  139  8:20  Marauder  
  139  8:22  Terran Infantry Weapons Level 2  
  139  8:25  Marauder  
  137  8:30  Marauder  
  139  8:35  Marine  
  139  8:36  Marine x3, Marauder  
  139  8:41  Command Center  
  147  8:42  Siege Tank  
  147  8:46  Terran Vehicle Weapons Level 1  
  148  9:09  Marauder x2  
  151  9:11  Marauder x2  
  155  9:19  Medivac  
  156  9:31  Terran Infantry Armor Level 2  
  156  9:32  Medivac, Siege Tank  
  156  9:35  Supply Depot  
  156  9:36  Supply Depot  
  156  9:37  Supply Depot  
  155  9:39  Marine, Marauder x3  
  155  9:40  Marine  
  157  9:49  Medivac  
  140  9:57  Marauder  
  132  10:00  Marauder  
  132  10:02  Marine x2, Medivac, Marauder x2  
  132  10:04  Siege Tank  
  141  10:07  Orbital Command  
  141  10:09  Marine x2  
  141  10:11  Command Center  
  143  10:15  Supply Depot x2  
  143  10:18  Marauder  
  143  10:19  Medivac  
  147  10:22  Marauder  
  149  10:41  Orbital Command  
  148  10:45  Liberator x2  
  151  10:50  Siege Tank  
  151  11:04  Terran Infantry Weapons Level 3, Terran Vehicle Weapons Level 2  
  157  11:06  Armory  
  157  11:08  Starport  
  157  11:10  Supply Depot, Barracks  
  157  11:30  Refinery x2  
  157  11:35  Marine x2, Marauder x2  
  157  11:39  Liberator x2  
  167  11:57  Barracks Tech Lab  
  167  11:59  Fusion Core  
  167  12:01  Terran Infantry Armor Level 3  
  169  12:03  Starport Tech Lab  
  169  12:09  Liberator  
  168  12:22  Liberator  
  152  12:29  Marauder  
  159  12:30  Marauder  
  159  12:32  Marine x2, Marauder x2, Liberator  
  159  12:33  Siege Tank  
  170  12:46  Marauder  
  170  12:51  Marauder x2  
  178  12:52  Liberator  
  178  12:53  Marine x2  
  178  12:54  Marauder x2  
  182  13:05  Liberator  
  172  13:08  Marauder  
  160  13:15  Liberator  
  160  13:17  Marine, Marauder x2  
  160  13:18  Marauder x2  
  141  13:29  Marauder  
  145  13:42  Refinery, Planetary Fortress  
  145  13:52  Battlecruiser  
  145  13:55  SCV x3  
  154  13:57  Advanced Ballistics  
  154  14:01  Terran Vehicle And Ship Armor Level 1  
  154  14:05  Medivac  
  156  14:10  Sensor Tower  
  156  14:15  Medivac  
  158  14:28  Marauder  
  158  14:29  Marauder x2  
  167  14:40  Marauder x2  
  167  14:44  Marine  
  167  14:45  Marine x3  
  172  14:49  Marine x2  
  172  14:50  Marauder  
  176  14:59  Viking x3  
  168  15:02  Marine x3, Marauder x2  
  175  15:08  Marauder x2  
  166  15:37  Marine  
  166  15:38  Viking x2, Marine  
  166  15:39  Viking  
  173  15:45  Marine  
  173  15:46  Marine x5  
  173  15:48  Marine  
  180  16:00  SCV  
  180  16:01  SCV  
  180  16:03  Marine x2  
  182  16:07  Marine  
  182  16:08  Viking x2  
  182  16:10  Marine  
  182  16:11  Marine x3  
  179  16:37  Marauder x2  
  167  16:58  Orbital Command  
Show
View Real Time Build Order
Export as new Build Order

Miszu Zerg - Winner!

Build Orders: Hatch First 

Get SALT Encoding   

  12  0:00  Drone  
  13  0:13  Overlord  
  13  0:17  Drone  
  14  0:31  Drone x2  
  16  0:36  Drone  
  17  0:52  Hatchery  
  17  0:55  Drone  
  17  1:05  Drone  
  17  1:07  Extractor  
  17  1:15  Spawning Pool  
  17  1:17  Drone  
  17  1:22  Drone  
  18  1:28  Drone  
  19  1:39  Overlord  
  19  2:02  Zergling x4  
  19  2:04  Zergling x2, Queen  
  19  2:05  Queen  
  26  2:10  Metabolic Boost  
  26  2:15  Drone  
  27  2:17  Drone  
  28  2:25  Drone  
  30  2:30  Drone  
  30  2:35  Drone  
  30  2:37  Drone  
  31  2:52  Drone x2  
  31  2:55  Drone  
  34  2:58  Overlord  
  34  2:59  Queen  
  34  3:03  Pneumatized Carapace  
  36  3:18  Drone x5  
  41  3:27  Drone x3  
  41  3:28  Overlord  
  44  3:39  Hatchery  
  43  3:42  Drone  
  43  3:47  Drone x3  
  47  3:50  Drone x2  
  47  3:51  Drone  
  49  3:58  Drone x2  
  49  4:01  Extractor, Lair  
  50  4:02  Extractor  
  50  4:09  Overlord  
  49  4:10  Overlord  
  49  4:16  Extractor  
  48  4:33  Spore Crawler  
  48  4:34  Drone  
  48  4:35  Spore Crawler, Drone x6  
  48  4:38  Drone x3  
  56  4:41  Roach Warren  
  56  4:43  Evolution Chamber  
  56  4:44  Evolution Chamber  
  53  4:48  Zergling x4  
  53  4:51  Zergling x2  
  56  4:53  Queen  
  58  5:03  Zergling x12  
  63  5:27  Zerg Missile Weapons Level 1, Infestation Pit  
  63  5:28  Zerg Ground Armor Level 1  
  60  5:32  Drone x5  
  60  5:34  Overlord x2  
  60  5:35  Overlord  
  65  5:51  Overseer  
  65  5:52  Glial Reconstitution  
  65  5:53  Roach  
  65  5:54  Roach x5  
  75  6:15  Drone x2  
  75  6:16  Drone x8  
  84  6:18  Hive  
  84  6:22  Drone  
  84  6:23  Extractor  
  84  6:24  Extractor, Drone  
  84  6:25  Drone  
  84  6:28  Drone  
  83  6:47  Roach  
  83  6:48  Roach x2  
  83  6:49  Pathogen Glands  
  83  6:50  Overlord x7  
  88  6:57  Ravager  
  88  6:58  Overlord  
  89  7:07  Drone, Spore Crawler  
  89  7:08  Drone x2  
  91  7:09  Drone x3  
  91  7:11  Roach x2  
  91  7:13  Ravager x4  
  91  7:14  Ravager x3  
  105  7:31  Hatchery  
  104  7:39  Zerg Ground Armor Level 2  
  104  7:40  Ultralisk Cavern  
  104  7:41  Zerg Missile Weapons Level 2  
  104  7:43  Roach  
  107  7:44  Roach x4  
  107  7:46  Zergling x4  
  115  7:52  Overlord  
  115  7:57  Infestor  
  117  8:06  Overlord x3  
  117  8:07  Overlord  
  117  8:32  Ultralisk x3  
  135  8:38  Chitinous Plating  
  135  8:42  Extractor  
  135  8:43  Drone x3  
  135  8:44  Extractor  
  135  8:45  Drone x3  
  135  8:47  Queen  
  141  8:52  Zergling x12  
  141  8:53  Zergling x6  
  141  8:55  Adrenal Glands  
  154  9:10  Ultralisk  
  154  9:11  Infestor  
  156  9:20  Zergling x22  
  153  9:54  Hatchery  
  153  9:56  Ultralisk x2  
  153  9:57  Extractor, Ultralisk  
  153  9:58  Zergling x4  
  169  10:09  Spire  
  169  10:10  Drone x3  
  169  10:11  Drone  
  169  10:12  Drone  
  173  10:22  Ultralisk  
  168  10:39  Ultralisk x2  
  177  10:53  Zerg Ground Armor Level 3  
  177  11:03  Nydus Network, Zerg Melee Weapons Level 1  
  176  11:11  Zergling x6  
  176  11:12  Zergling x20  
  189  11:29  Burrow  
  188  11:41  Infestor  
  190  11:49  Greater Spire  
  190  11:54  Overseer x2  
  190  12:06  Corruptor  
  190  12:07  Overlord x2  
  177  12:24  Nydus Canal  
  176  12:30  Ultralisk x3  
  183  12:38  Zergling x2  
  183  12:39  Zergling x18  
  147  13:26  Zerg Melee Weapons Level 2  
  141  13:29  Hatchery  
  141  13:30  Corruptor  
  141  13:31  Corruptor x5  
  144  13:49  Extractor  
  144  13:50  Corruptor x4  
  144  13:51  Corruptor x3  
  144  13:54  Extractor  
  156  14:08  Drone x3  
  156  14:09  Drone  
  160  14:10  Drone x4  
  164  14:18  Brood Lord x4  
  164  14:20  Brood Lord  
  174  14:33  Corruptor x2  
  175  14:53  Zergling x8  
  175  14:54  Zergling x4  
  181  15:00  Corruptor  
  181  15:01  Corruptor  
  157  15:26  Infestor x2  
  157  15:27  Infestor x3  
  166  15:41  Ultralisk  
  172  15:50  Baneling Nest, Corruptor  
  172  15:56  Roach x2  
  177  16:11  Corruptor x2  
  177  16:14  Zergling x6  
  177  16:15  Zergling x2  
  177  16:17  Zergling x2  
  186  16:19  Zergling x2  
  180  16:41  Zergling x12  
  180  16:42  Zergling x8  
  187  17:02  Brood Lord  
  187  17:03  Brood Lord  
Tags
 
Add a new tag
Caveats
  • Supply blocks, unpowered buildings, or Contaminate may cause inaccurate times.
  • Supply counts are checked every 10 seconds.